 Dungeon Crawl Stone Soup version 0.30-a0-424-g7412bad402 (console) character file.

Game seed: 10151641424937647845

90 jejorda2 the Poker (level 4, -2/37 HPs)
             Began as a Merfolk Berserker on Dec 9, 2022.
             Was a Priest of Trog.
             Succumbed to Sigmund's poison
             ... on level 3 of the Dungeon.
             The game lasted 00:04:47 (2297 turns).

jejorda2 the Poker (Merfolk Berserker)              Turns: 2297, Time: 00:04:48

Health: -2/37      AC:  9    Str: 19    XL:     4   Next: 56%
Magic:  0/4        EV:  8    Int:  6    God:    Trog [***...]
Gold:   89         SH:  0    Dex: 13    Spells: 3/3 levels left

rFire   . . .      SeeInvis .    a - +0 spear
rCold   . . .      Faith    .    (no shield)
rNeg    . . .      Spirit   +    c - +0 chain mail
rPois   .          Reflect  .    n - +0 helmet
rElec   .          Harm     .    (no cloak)
rCorr   +          Rampage  .    (no gloves)
Will    ++...                    (no boots)
Stlth   ..........               h - amulet of guardian spirit
HPRegen 1.26/turn                j - ring of resist corrosion
MPRegen 0.09/turn                (no ring)

@: lethally poisoned (-2 -> -17), strong-willed, on berserk cooldown,
regenerating, slowed, very slow
A: (nimble swimmer 2), mertail
a: Renounce Religion, Berserk, Trog's Hand


You were on level 3 of the Dungeon.
You worshipped Trog.
Trog was most pleased with you.
You visited 1 branch of the dungeon, and saw 3 of its levels.

You collected 89 gold pieces.

Inventory:

Hand Weapons
 a - a +0 spear (weapon)
Missiles
 p - 3 stones (quivered)
 q - 6 curare-tipped darts
Armour
 c - a +0 chain mail (worn)
 n - a +0 helmet (worn)
Jewellery
 h - an amulet of guardian spirit (around neck)
 j - a ring of resist corrosion (left hand)
Scrolls
 b - a scroll of teleportation {unknown}
 e - 4 scrolls of identify {unknown}
 m - 2 scrolls of fog {unknown}
 o - a scroll of summoning {unknown}
 r - a scroll of fear {unknown}
 s - a scroll of magic mapping {unknown}
 t - a scroll of enchant weapon {unknown}
Potions
 d - a potion of magic {unknown}
 f - 2 potions of lignification {unknown}
 g - a potion of might {unknown}
 i - a potion of haste {unknown}
 k - 2 potions of curing {unknown}
 l - 4 potions of heal wounds {unknown}


   Skills:
 + Level 4.0 Fighting
 * Level 5.6 Polearms
 + Level 2.1 Armour
 - Level 2.6 Dodging


You had 3 spell levels left.
You didn't know any spells.
Your spell library was empty.

Dungeon Overview and Level Annotations

Branches:
Dungeon (3/15)

Altars:
Fedhas

Shops:
D:3 *=::


Innate Abilities, Weirdness & Mutations

((You are very nimble when in or above water. (Stealth+, EV+, Speed+++)))
Your lower body shifts to a powerful aquatic tail in water.


Message History

Something hits you but does no damage.
You are more poisoned.
The rat bites you but does no damage.
You hit something.
You feel sick.
You barely miss something.
You feel sick. Something hits you.
You are more poisoned.
The rat bites you.
You closely miss something. Your punch misses something.
You feel very sick.
You miss something.
You feel sick. The rat bites you but does no damage.
You barely miss something.
You feel very sick. Something hits you.
You are more poisoned.
You puncture something!
You feel very sick. The rat bites you.
You hit something.
You feel very sick.
You closely miss something.
You are no longer berserk.
You are exhausted.
You feel yourself slow down.
You feel sick.
You hear some strange, mumbled words.
A puff of flame appears from out of thin air!
The puff of flame hits you! The rat bites you.
* * * LOW HITPOINT WARNING * * *
You barely miss something.
* * * LOW HITPOINT WARNING * * *
You feel very sick. Something hits you.
* * * LOW HITPOINT WARNING * * *
You are more poisoned.
The rat bites you but does no damage.
You hit something. Trog accepts your kill.
Trog appreciates your killing of a magic user.
Reactivating autopickup.
You feel a bit more experienced.
You die...

#........# #........# .# .
.........# .#. .# #........# #
#.#. ..# #........# #. ... ....
#.<.....# #.. ..##..... #.......#
#...####.....#.## #.......#
#...)@r...#.#... #..###..#
#...##.∩.#.....#### #..# #..# ###
#....##.#..... #.## #..#
##..#.##.#...###### ##.## #..#
#..................
....####.######..................
....#........##........#.........
##.##........##.......##.........
...##........##.......###....:..#


You could see a rat.

Vanquished Creatures
  Sigmund (D:3)
  An adder (D:2)
  2 worms (D:3)
  3 dart slugs
  4 orcs (D:3)
  8 ball pythons
  8 endoplasms
  3 giant cockroaches
  4 goblins
  3 hobgoblins
  3 quokkas
  7 bats
  7 frilled lizards
  4 kobolds (D:1)
  9 rats
67 creatures vanquished.

Notes
Turn   | Place    | Note
-------+----------+-------------------------------------------
     0 | D:1      | jejorda2 the Merfolk Berserker began the quest for the Orb.
     0 | D:1      | Reached XP level 1. HP: 18/18 MP: 1/1
   111 | D:1      | Reached XP level 2. HP: 22/24 MP: 2/2
   535 | D:1      | Reached ** piety under Trog
   536 | D:1      | Reached XP level 3. HP: 29/29 MP: 3/3
   804 | D:1      | Reached skill level 5 in Polearms
  1467 | D:2      | Reached XP level 4. HP: 35/37 MP: 4/4
  1849 | D:3      | Found Ateywaar's Assorted Antiques.
  1890 | D:3      | Reached *** piety under Trog
  1961 | D:3      | Found Suhiqoq's Book Boutique.
  2162 | D:3      | Found Vawav's Jewellery Shoppe.
  2197 | D:3      | Found a blossoming altar of Fedhas.
  2274 | D:3      | Found Batev's Book Boutique.
  2280 | D:3      | Noticed Sigmund
  2297 | D:3      | Killed Sigmund
  2297 | D:3      | Succumbed to Sigmund's poison

Illustrated notes

Levels and vault maps discovered:
D:1:      onia_arrival_handbag, layout_loops_ring, minmay_statues_item
D:2:      wander_river, layout_basic
D:3:      layout_basic, mainiacjoe_overflow_six_doors_small, serial_shops,
          nicolae_square_shop, nicolae_shop_stone, shop,
          nicolae_shop_window_shopping, st_stairs_8, hangedman_decor_growths,
          grunt_decor_one_mirror, minmay_misc_feat_pillars, uniq_sigmund

Skill      XL: |  1  2  3  4 |
---------------+-------------+-----
Polearms       | 5 |  5.6
Armour         | 2 |  2.1
Fighting       | 4 |  4.0
Dodging        | |  2.6

Action                   |  1- 3 |  4- 6 || total
-------------------------+-------+-------++-------
Melee: Spear             |   125 |   100 ||   225
Invok: Berserk           |       |     2 ||     2
       Trog's Hand       |       |     1 ||     1
 Stab: Sleeping          |     1 |       ||     1
       Distracted        |     1 |       ||     1
Armor: Chain mail        |    29 |    30 ||    59
       Animal skin       |     1 |       ||     1
Dodge: Dodged            |    21 |    24 ||    45

Table legend: (Time is in decaauts)
 A = Elapsed time spent in this place.
 B = Non-inter-level travel time spent in this place.
 C = Inter-level travel time spent in this place.
 D = Time resting spent in this place.
 E = Time spent auto-exploring this place.
 F = Levels seen in this place.
 G = Mean time per level.
                   A        B        C        D        E       F      G
               +--------+--------+--------+--------+--------+-----+--------+
         Total |   2248 |   2166 |     82 |     51 |   1700 |   3 |  749.3 |
       Dungeon |   2248 |   2166 |     82 |     51 |   1700 |   3 |  749.3 |
               +--------+--------+--------+--------+--------+-----+--------+

Top non-repeatable levels by time:
     D:1: 886 daAuts
     D:2: 744 daAuts
     D:3: 617 daAuts
